AoeStats
← Bandolero

Arabia

510117348Analyzed
4v4 RM · 1d ago on Sep 29, 2026· 59m 43s· 8 players
Game mode
Random Map
Map size
Large (8 player)
Population
200
Speed
Normal
Resources
Standard
Victory
Conquest
Starting age
Dark Age
Ending age
Imperial Age
RankedLock teamsTeams togetherTeam positionsShared explorationLock speedFull tech treeHidden civsTurbo modeCheats
Victory
Defeat
🇦🇷 Maya · Argentina
1874
+8
🇺🇾 Lithuanians · Uruguay
1813
+10
🇦🇷 Khmer · Argentina
1717
+13
🇦🇷 Britons · Argentina
1635
+16
🇭🇰 Persians · Hong Kong SAR China
1698
-14
🇭🇰 Ethiopians · Hong Kong SAR China
1674
-12
🇭🇰 Maya · Hong Kong SAR China
1640
-11
🇭🇰 Magyars · Hong Kong SAR China
1629
-10
_luN
0:27 Loom
8:34 Feudal Age
12:02 Fletching
15:08 Padded Archer Armor
22:37 Castle Age
21:16 Double-Bit Axe
23:15 Bodkin Arrow
22:41 Crossbowman
23:12 Horse Collar
24:20 Bow Saw
26:55 Ballistics
29:46 Thumb Ring
33:10 Stone Mining
33:11 Gold Mining
33:57 Wheelbarrow
40:16 Imperial Age
38:03 Hand Cart
38:33 Leather Archer Armor
39:02 Heavy Plow
41:08 Bracer
42:09 Chemistry
40:32 Arbalester
42:00 Ring Archer Armor
41:55 Elite Plumed Archer
43:05 Conscription
46:26 Masonry
52:03 Caravan
54:17 Two-Man Saw
53:47 Crop Rotation
54:11 Scale Mail Armor
54:21 Forging
54:17 Pikeman
54:57 Squires
55:13 Chain Mail Armor
55:56 Capped Ram
57:16 Siege Ram
58:01 Town Watch
hide1914
5:16 Loom
8:27 Feudal Age
11:18 Fletching
15:12 Padded Archer Armor
30:12 Castle Age
28:28 Double-Bit Axe
29:58 Gold Mining
30:50 Bodkin Arrow
30:15 Crossbowman
41:06 Ballistics
53:54 Bow Saw
53:40 Horse Collar
55:58 Heavy Plow
Sakmelo
9:09 Feudal Age
8:29 Loom
9:51 Double-Bit Axe
15:53 Scale Barding Armor
18:47 Horse Collar
19:43 Bloodlines
22:48 Castle Age
21:38 Gold Mining
23:51 Bloodlines
24:13 Chain Barding Armor
28:59 Bow Saw
30:49 Wheelbarrow
30:37 Husbandry
35:33 Heavy Plow
42:01 Imperial Age
40:18 Hand Cart
42:57 Cavalier
43:38 Town Watch
46:03 Plate Barding Armor
46:47 Paladin
52:59 Scale Mail Armor
55:27 Chain Mail Armor
55:24 Pikeman
56:47 Halberdier
58:28 Caravan
58:15 Man-at-Arms
MJAI
6:17 Loom
9:04 Feudal Age
10:03 Double-Bit Axe
13:29 Town Watch
14:41 Scale Barding Armor
16:45 Bloodlines
18:43 Forging
20:14 Wheelbarrow
23:55 Castle Age
23:42 Light Cavalry
24:23 Husbandry
24:44 Chain Barding Armor
25:34 Bow Saw
27:20 Gold Mining
28:54 Horse Collar
32:07 Hand Cart
32:20 Heavy Plow
38:47 Imperial Age
39:31 Iron Casting
39:38 Plate Barding Armor
38:25 Cavalier
40:44 Iron Casting
39:54 Savar
43:30 Blast Furnace
48:49 Fletching
50:06 Heavy Camel Rider
51:26 Bodkin Arrow
51:56 Hussar
Bandolero
7:10 Loom
8:55 Feudal Age
15:42 Double-Bit Axe
17:06 Fletching
19:43 Padded Archer Armor
25:49 Castle Age
24:05 Gold Mining
25:52 Crossbowman
26:50 Bodkin Arrow
29:23 Stone Mining
31:32 Leather Archer Armor
35:28 Wheelbarrow
34:40 Town Watch
36:25 Gold Shaft Mining
37:52 Ballistics
37:59 Bow Saw
41:28 Imperial Age
40:50 Yeomen
43:26 Chemistry
42:00 Arbalester
43:31 Bracer
44:42 Conscription
51:46 Elite Skirmisher
DS_Alec
8:48 Feudal Age
8:39 Loom
9:42 Double-Bit Axe
16:33 Wheelbarrow
20:26 Castle Age
19:12 Scale Barding Armor
19:00 Gold Mining
20:03 Forging
20:52 Bloodlines
21:33 Bow Saw
24:39 Chain Barding Armor
26:48 Iron Casting
29:42 Hand Cart
33:42 Fervor
33:42 Stone Mining
38:59 Imperial Age
38:47 Stone Shaft Mining
39:03 Elite Leitis
40:38 Plate Barding Armor
43:45 Horse Collar
45:10 Two-Man Saw
47:10 Fletching
49:59 Town Watch
52:32 Coinage
53:35 Heavy Plow
54:28 Banking
60:02 Conscription
60:19 Hoardings
~BroKen~
6:01 Loom
6:05 Loom
9:18 Feudal Age
9:57 Double-Bit Axe
12:15 Scale Barding Armor
16:55 Forging
25:45 Castle Age
24:57 Bloodlines
26:13 Light Cavalry
26:54 Husbandry
27:20 Chain Barding Armor
30:12 Bow Saw
34:42 Wheelbarrow
35:59 Iron Casting
40:26 Hand Cart
44:56 Imperial Age
42:39 Horse Collar
42:56 Gold Mining
42:57 Stone Mining
46:43 Cavalier
54:41 Blast Furnace
54:16 Plate Barding Armor
53:34 Hussar
Lea
0:25 Loom
8:23 Feudal Age
11:42 Fletching
16:51 Double-Bit Axe
19:35 Padded Archer Armor
25:08 Castle Age
25:21 Gold Mining
25:13 Horse Collar
25:54 Bodkin Arrow
25:26 Crossbowman
27:36 Ballistics
31:32 Thumb Ring
36:12 Town Watch
49:48 Imperial Age
49:03 Wheelbarrow
48:42 Squires
48:03 Pikeman
49:50 Halberdier
50:41 Forging
50:46 Bow Saw
52:56 Two-Man Saw
53:06 Iron Casting
52:31 Scale Mail Armor
53:12 Capped Ram
55:37 Chain Mail Armor
56:18 Conscription
56:50 Hand Cart
56:35 Town Patrol
57:29 Fortified Wall
60:39 Blast Furnace
Connection lost

Rejoining the realm…

Still unreachable

The connection could not be restored.

Session expired

The server has moved on; the page needs a fresh start.